 Dungeon Crawl Stone Soup version 0.30-a0-793-g160f7cfddd (webtiles) character file.

Game seed: 7033910891346639861

232 holysushi the Insei (level 6, -3/38 HPs)
             Began as an Octopode Transmuter on Feb 19, 2023.
             Succumbed to a kobold's poison
             ... on level 4 of the Dungeon.
             The game lasted 00:06:10 (2409 turns).

holysushi the Insei (Octopode Transmuter)           Turns: 2409, Time: 00:06:11

Health: -3/38      AC:  2    Str: 10    XL:     6   Next: 4%
Magic:  6/9        EV: 19    Int: 15    God:
Gold:   137        SH:  0    Dex: 19    Spells: 3/9 levels left

rFire   . . .      SeeInvis .      - Unarmed
rCold   . . .      Faith    .    (shield currently unavailable)
rNeg    . . .      Spirit   .    (helmet currently unavailable)
rPois   x          Reflect  .    (no amulet)
rElec   .          Harm     .    (no ring)
rCorr   .          Rampage  .    (no ring)
Will    .....                    (no ring)
Stlth   ++                       (no ring)
HPRegen 0.26/turn                (no ring)
MPRegen 0.11/turn                (no ring)
                                 (no ring)
                                 (no ring)

@: lethally poisoned (-3 -> -20), spider-form, flying
A: venomous fangs, almost no armour, (amphibious), 8 rings, tiny, (camouflage
1), (gelatinous body 1), (nimble swimmer 1), (tentacles)
a: End Transformation


You were on level 4 of the Dungeon.
You were a venomous arachnid creature.
You visited 1 branch of the dungeon, and saw 4 of its levels.

You collected 137 gold pieces.

Inventory:

Wands
 f - a wand of flame (6)
Scrolls
 b - a scroll of enchant armour {unknown}
 c - 2 scrolls of identify {unknown}
 e - a scroll of summoning {unknown}
 g - 2 scrolls of immolation {unknown}
 k - a scroll of fog {unknown}
Potions
 a - a potion of lignification
 d - a potion of flight
 h - a potion of invisibility {unknown}
 i - a potion of berserk rage {unknown}
 j - a potion of might {unknown}
 l - 2 potions of curing {unknown}


   Skills:
 - Level 1.0 Fighting
 - Level 2.0 Dodging
 + Level 5.4 Unarmed Combat
 - Level 2.0 Spellcasting
 + Level 3.6 Transmutations
 - Level 2.0 Poison Magic


You had 3 spell levels left.
You knew the following spells:

 Your Spells              Type           Power      Damage    Failure   Level
a - Beastly Appendage     Tmut           24%        N/A       14%         1
b - Wereblood             Tmut           12%        N/A       21%         2
c - Spider Form           Tmut/Pois      9%         N/A       43%         3

Your spell library contained the following spells:

 Spells                   Type           Power      Damage    Failure   Level
 Necrotise                Necr           4%         1d4       43%         1
 Ignite Poison            Fire/Tmut/Pois 7%         N/A       52%         3
 Dazzling Flash           Conj/Hex       2%         N/A       75%         3
 Kindle Blastsparks       Fire/Tloc/Air  2%         2d10      75%         3
 Ozocubu's Armour         Ice            1%         N/A       75%         3
 Vampiric Draining        Necr           1%         2d6       75%         3
 Ice Form                 Ice/Tmut       6%         N/A       87%         4
 Iskenderun's Mystic Bla  Conj/Tloc      1%         2d3       98%         4
 Agony                    Necr           1%         N/A       100%        5
 Freezing Cloud           Conj/Ice/Air   0%         6-21      100%        5
 Starburst                Conj/Fire      0%         6d3       100%        6
 Ozocubu's Refrigeration  Ice            0%         4d7       100%        7


Dungeon Overview and Level Annotations

Branches:
Dungeon (4/15) Zot: 21598
 Temple: D:4-7

Altars:


Innate Abilities, Weirdness & Mutations

You are a venomous arachnid creature.
You have venomous fangs.
You are tiny and dextrous.
Your spellcasting is less reliable in this form.
Your armour is entirely melded.
You are incapable of wielding weapons or throwing items.
You cannot wear most types of armour.
((You are amphibious.))
You can wear up to eight rings at the same time.
((Your skin changes colour to match your surroundings (Stealth+).))
((Your rubbery body absorbs attacks. (AC +1, EV +1)))
((You are camouflaged when in or above water. (Stealth+)))
((You have tentacles for arms and can constrict up to eight enemies at once.))


Message History

Casting: Spider Form (quite dangerous; 22% risk of failure)
Confirm with . or Enter, or press ? or * to list all spells.
The spell is quite dangerous to miscast (22% risk of failure)!
Continue anyway?
Okay, then.
Found a robe and a cyan potion.
The kobold shouts!
You hear a shout!
You hear a bark!
You hear an angry hiss.
The kobold throws a poisoned dart.
The poisoned dart misses you.
An orc comes into view. It is wielding a +0 flail.
Casting: Spider Form (quite dangerous; 22% risk of failure)
Confirm with . or Enter, or press ? or * to list all spells.
The spell is quite dangerous to miscast (22% risk of failure)!
Continue anyway?
You turn into a venomous arachnid creature.
The kobold hits you but does no damage.
A steam dragon comes into view.
You hit the kobold but do no damage. The kobold barely misses you.
The orc hits you with a +0 flail!
A jackal comes into view.
You hit the kobold but do no damage.
The kobold is poisoned.
A centaur comes into view.
The kobold hits you with a +0 short sword.
The orc suddenly shouts, in orcish tradition.
The orc hits you with a +0 flail!
You are too injured to fight recklessly!
You barely miss the orc. The steam dragon breathes steam at you.
The ball of steam hits the orc!
The orc dies!
The ball of steam hits you!
* * * LOW HITPOINT WARNING * * *
The kobold completely misses you.
The centaur shouts!
You hear a bark!
The kobold throws a poisoned dart.
The poisoned dart hits you!
You are lethally poisoned!
* * * LOW HITPOINT WARNING * * *
You feel very sick.
You kill the kobold!
It was a potion of flight.
You feel very buoyant.
You fly up into the air.
You die...

##......########...
#####..................
...........#...).......
######.....##..........
##### #.....###.........
..... #.....# #.........
.[.... #.....# .........#
......###.####.........##
.......##s####......#.##
......)§............#.#
.......§..####....... .
...###§#..... .
#h§##..#... ...D ##...#..
...c. #... . ..#... #..#
..#!#. #..


There were no monsters in sight!

Vanquished Creatures
  An ogre (D:4)
  A wight (D:3)
  3 adders
  A worm (D:2)
  5 dart slugs
  4 orcs (D:2)
  2 endoplasms
  4 goblins
  3 hobgoblins
  4 quokkas
  9 ball pythons
  4 bats
  3 frilled lizards (D:1)
  6 kobolds
  8 rats
58 creatures vanquished.

Vanquished Creatures (others)
  An orc (D:4)
1 creature vanquished.

Grand Total: 59 creatures vanquished

Notes
Turn   | Place    | Note
-------+----------+-------------------------------------------
     0 | D:1      | holysushi the Octopode Transmuter began the quest for the
                  | Orb.
     0 | D:1      | Reached XP level 1. HP: 13/13 MP: 3/3
   142 | D:1      | Reached XP level 2. HP: 18/18 MP: 3/5
   428 | D:1      | Reached skill level 4 in Unarmed Combat
   482 | D:1      | Reached XP level 3. HP: 16/23 MP: 4/6
   841 | D:2      | Learned a level 2 spell: Wereblood
   845 | D:2      | Learned a level 3 spell: Spider Form
  1311 | D:2      | Reached skill level 1 in Poison Magic
  1394 | D:2      | Reached XP level 4. HP: 24/28 MP: 4/7
  1857 | D:3      | Reached XP level 5. HP: 33/33 MP: 8/8
  2290 | D:4      | Reached skill level 5 in Unarmed Combat
  2328 | D:4      | Noticed an ogre
  2337 | D:4      | Killed an ogre
  2338 | D:4      | Reached XP level 6. HP: 35/38 MP: 2/9
  2403 | D:4      | Noticed a steam dragon
  2408 | D:4      | HP: 1/38 [poisoned by a kobold]
  2409 | D:4      | Succumbed to a kobold's poison

Illustrated notes

Levels and vault maps discovered:
D:1:      saegor_arrival_simple_c, layout_basic, minmay_strange_pillars,
          minmay_misc_feat_diagonals, nrook_campfire, grunt_decor_junction,
          minmay_circled_x
D:2:      layout_loops_ring
D:3:      layout_basic, serial_shops, shop_fountains
D:4:      layout_rooms, nicolae_kikubaaqudgha_miasma_corner,
          mainiacjoe_overflow_alcove_4, okawaru_metal_pillars_1_2,
          nicolae_wu_jian_wuxing_cycle, old_standard_altar,
          kennysheep_big_empty_room, minmay_manual_mandibuliform

Skill      XL: |  1  2  3  4  5 |
---------------+----------------+-----
Unarmed Combat | 4 5 |  5.4
Poison Magic   | 1 2 |  2.0
Transmutations | 3 |  3.6
Fighting       | |  1.0
Dodging        | |  2.0
Spellcasting   | |  2.0

Action                     |  1- 3 |  4- 6 || total
---------------------------+-------+-------++-------
  Melee: Unarmed           |    91 |    28 ||   119
         Constrict         |    27 |     2 ||    29
         Kick              |    22 |       ||    22
         Tentacles         |    14 |     4 ||    18
   Cast: Beastly Appendage |    23 |     1 ||    24
         Spider Form       |     1 |     7 ||     8
         Wereblood         |     1 |       ||     1
Ability: End Transformatio |       |     1 ||     1
  Evoke: Wand              |       |    14 ||    14
    Use: Potion            |       |     1 ||     1
   Stab: Sleeping          |     5 |     4 ||     9
 Armour: Skin              |     5 |     3 ||     8
  Dodge: Dodged            |    50 |    19 ||    69

Table legend: (Time is in decaauts)
 A = Elapsed time spent in this place.
 B = Non-inter-level travel time spent in this place.
 C = Inter-level travel time spent in this place.
 D = Time resting spent in this place.
 E = Time spent auto-exploring this place.
 F = Levels seen in this place.
 G = Mean time per level.
                   A        B        C        D        E       F      G
               +--------+--------+--------+--------+--------+-----+--------+
         Total |   2401 |   2244 |    157 |    400 |   1255 |   4 |  600.2 |
       Dungeon |   2401 |   2244 |    157 |    400 |   1255 |   4 |  600.2 |
               +--------+--------+--------+--------+--------+-----+--------+

Top non-repeatable levels by time:
     D:2: 982 daAuts
     D:1: 900 daAuts
     D:3: 394 daAuts
     D:4: 124 daAuts
